 Dungeon Crawl Stone Soup version 0.21-a0-513-gdcb3f5e (webtiles) character file.

8449 Megalobster the Cleaver (level 11, -6/100 HPs)
             Began as a Deep Dwarf Fighter on Dec 2, 2017.
             Was a Believer of Makhleb.
             Mangled by a six-headed hydra (8 damage)
             ... on level 1 of the Lair of Beasts.
             The game lasted 00:34:30 (8292 turns).

Megalobster the Cleaver (Deep Dwarf Fighter)        Turns: 8292, Time: 00:34:32

Health: -6/100     AC: 13    Str: 21    XL:     11   Next: 10%
Magic:  7/7        EV: 10    Int:  9    God:    Makhleb [**....]
Gold:   349        SH: 12    Dex: 19    Spells: 10/10 levels left

rFire    . . .     SeeInvis .   b - +3 morningstar (freeze)
rCold    . . .     Gourm    +   c - +0 shield
rNeg     . . .     Faith    .   P - +3 ring mail
rPois    .         Spirit   .   T - +0 hat
rElec    .         Reflect  .   (no cloak)
rCorr    .         Harm     .   G - +1 pair of gloves {Dex+3}
MR       +....                  V - +0 pair of boots
Stlth    ++........             W - amulet of the gourmand
HPRegen  0.00/turn              B - +2 ring of dexterity
MPRegen  0.10/turn              N - ring of stealth

@: non-regenerating
A: damage resistance, heal wounds, sense surroundings 2, no regeneration
a: Heal Wounds, Minor Destruction, Renounce Religion


You were on level 1 of the Lair of Beasts.
You worshipped Makhleb.
Makhleb was pleased with you.
You were very full.

You visited 3 branches of the dungeon, and saw 11 of its levels.
You also visited: Sewer.

You collected 530 gold pieces.
You spent 181 gold pieces at shops.

Inventory:

Hand Weapons
 a - a +0 war axe
 b - a +3 morningstar of freezing (weapon)
Armour
 c - a +0 shield (worn)
 G - a +1 pair of gloves of dexterity (worn)
 P - a +3 ring mail (worn)
 T - a +0 hat (worn)
 V - a +0 pair of boots (worn)
Jewellery
 B - a +2 ring of dexterity (left hand)
 N - a ring of stealth (right hand)
 W - an amulet of the gourmand (around neck)
Wands
 D - a wand of flame (13)
Scrolls
 d - 2 scrolls of blinking
 m - 4 scrolls of fear
 o - 7 scrolls of remove curse
 p - 5 scrolls of amnesia
 s - 2 scrolls of fog
 C - 2 scrolls of enchant weapon {unknown}
 F - 4 scrolls of teleportation
 M - a scroll of vulnerability {unknown}
 O - a scroll of magic mapping {unknown}
 Q - 2 scrolls of immolation {unknown}
 R - a scroll of enchant armour {unknown}
Potions
 e - 7 potions of curing
 i - 2 potions of agility
 k - 3 potions of brilliance
 n - a potion of mutation
 u - 2 potions of magic
 v - 3 potions of flight
 w - 2 potions of haste
 z - a potion of resistance
 I - a potion of invisibility
 J - 2 potions of ambrosia
Comestibles
 f - 5 bread rations
 g - 2 meat rations
 l - 5 royal jellies
 q - 3 chunks of flesh
 x - 5 fruits


   Skills:
 + Level 7.0 Fighting
 * Level 11.4 Axes
 + Level 8.5 Armour
 - Level 1.0 Dodging
 - Level 1.1 Stealth
 + Level 8.7 Shields
 * Level 7.5 Invocations


You had 10 spell levels left.
You didn't know any spells.

Dungeon Overview and Level Annotations

Branches:
Dungeon (9/15)             Temple (1/1) D:7            Lair (1/6) D:9
    Orc: D:9-12

Altars:
Ashenzari
Cheibriados
Dithmenos
Elyvilon
Fedhas
Gozag
Hepliaklqana
Kikubaaqudgha
Makhleb
Nemelex Xobeh
Okawaru
Qazlal
Ru
Sif Muna
Trog
Uskayaw
Vehumet
Wu Jian
Xom
Yredelemnul
Zin
The Shining One

Shops:
D:5 [   D:9 }


Innate Abilities, Weirdness & Mutations

You are resistant to damage.
You can heal yourself by infusing magical energy.
You passively map the area around you.
You do not regenerate.


Message History

The six-headed hydra bites you!
* * * LOW HITPOINT WARNING * * *
The six-headed hydra closely misses you. x2
The six-headed hydra bites you but does no damage.
The six-headed hydra bites you.
* * * LOW HITPOINT WARNING * * *
You barely miss the six-headed hydra.
The six-headed hydra is moderately wounded.
The six-headed hydra bites you. The six-headed hydra barely misses you.
The six-headed hydra bites you but does no damage.
You block the six-headed hydra's attack. x2
The six-headed hydra closely misses you.
You bludgeon the six-headed hydra!!
The six-headed hydra seems to slow down.
You freeze the six-headed hydra.
The six-headed hydra is severely wounded.
The six-headed hydra bites you!
* * * LOW HITPOINT WARNING * * *
The six-headed hydra bites you!
You die...

* * * ... , * * ,
* * ,* ..> , #.#
,,, , * * ,##.# ,
..# * ** , , #.# *
, ## #####.##### *
** ,
#..####.##......#
,
#....<@D...##P..?.
, #..#.##....#
,.#.. ,*
#.########.# #, ,*
,, #.. * .... , **
##,, ###... *
...., * * , , * *
.#., *, * , * ,##,
* , * *,, , *


You could see a six-headed hydra.

Vanquished Creatures
  3 two-headed ogres
  The ghost of zkyp the Slicer, a novice HaFi of Gozag (D:5)
  Joseph (D:7)
  A spiny frog (Lair:1)
  A troll (D:9)
  2 hippogriffs
  7 yaks (D:9)
  3 porcupines (D:9)
  Duvessa (D:4)
  Purgy (Sewer)
  2 orc warriors
  An ice beast (D:8)
  2 phantoms
  3 sky beasts
  A black bear (D:9)
  5 ogres
  3 centaurs
  2 crocodiles (D:9)
  A big kobold (D:9)
  2 bullfrogs (D:9)
  Dowan (D:4)
  3 scorpions
  A water moccasin skeleton (D:2)
  5 wights (D:8)
  2 howler monkeys
  3 crimson imps
  3 orc priests
  4 hounds
  3 orc wizards
  A bullfrog skeleton (D:9)
  3 iguanas
  Natasha (thrice) (D:2)
  8 worker ants
  A killer bee zombie (D:9)
  2 hound skeletons
  2 hound zombies
  A worker ant zombie (D:5)
  4 gnolls (D:8)
  13 adders
  A howler monkey skeleton (D:6)
  2 shadow imps
  An ooze (D:2)
  An adder skeleton (D:5)
  2 worms
  4 dart slugs
  7 leopard geckos
  22 orcs
  6 giant cockroaches
  10 goblins
  11 hobgoblins
  18 kobolds
  3 quokkas
  5 ball pythons
  5 bats
  3 frilled lizards
  A giant cockroach zombie (D:6)
  2 gnoll zombies (D:2)
  A jackal skeleton (D:7)
  9 rats
  4 plants (D:9)
224 creatures vanquished.

Vanquished Creatures (others)
  A quokka (D:3)
  25 fungi (D:9)
  9 plants (D:9)
35 creatures vanquished.

Grand Total: 259 creatures vanquished

Notes
Turn   | Place    | Note
-------+----------+-------------------------------------------
     0 | D:1      | Megalobster the Deep Dwarf Fighter began the quest for the Orb.
     0 | D:1      | Reached XP level 1. HP: 20/20 MP: 1/1
   124 | D:1      | Reached XP level 2. HP: 27/27 MP: 2/2
   703 | D:2      | Reached skill level 3 in Axes
   703 | D:2      | Reached XP level 3. HP: 31/33 MP: 3/3
   831 | D:2      | Noticed Natasha
   842 | D:2      | Killed Natasha
   842 | D:2      | Reached XP level 4. HP: 40/42 MP: 3/3
   855 | D:2      | Reached skill level 4 in Axes
   875 | D:2      | Reached XP level 5. HP: 43/49 MP: 4/4
  1189 | D:2      | Noticed Natasha
  1196 | D:2      | Killed Natasha
  1252 | D:2      | Noticed Natasha
  1269 | D:2      | Killed Natasha
  1304 | D:2      | Reached skill level 1 in Stealth
  1387 | D:2      | Reached skill level 1 in Dodging
  1489 | D:2      | Reached XP level 6. HP: 37/56 MP: 4/4
  1607 | D:2      | Found a basalt altar of Yredelemnul.
  1746 | D:3      | Found a shattered altar of Ashenzari.
  1835 | D:3      | Found a sparkling altar of Nemelex Xobeh.
  1835 | D:3      | Found an opulent altar of Gozag.
  2045 | D:3      | Found a white marble altar of Elyvilon.
  2150 | D:3      | Reached skill level 5 in Axes
  2576 | D:2      | Found a hazy altar of Hepliaklqana.
  2769 | D:4      | Found a blossoming altar of Fedhas.
  2878 | D:4      | Noticed Duvessa
  2879 | D:4      | Noticed Dowan
  2888 | D:4      | Killed Dowan
  2888 | D:4      | Reached XP level 7. HP: 35/62 MP: 5/5
  2891 | D:4      | Killed Duvessa
  2891 | D:4      | Reached skill level 6 in Axes
  2891 | D:4      | Reached skill level 5 in Shields
  3242 | D:4      | Found a snail-covered altar of Cheibriados.
  3664 | D:5      | Entered Level 5 of the Dungeon
  3664 | D:5      | Noticed zkyp's ghost (novice HaFi)
  3680 | D:5      | Killed zkyp's ghost
  3680 | D:5      | Reached skill level 7 in Axes
  3680 | D:5      | Reached skill level 5 in Armour
  3680 | D:5      | Reached XP level 8. HP: 36/73 MP: 5/5
  3918 | D:5      | Found Zaos's Armour Shop.
  3929 | D:5      | Bought a +1 pair of gloves of dexterity for 181 gold pieces
  3982 | D:5      | Found an iron altar of Okawaru.
  4142 | D:5      | Found a glowing drain.
  4147 | Sewer    | Entered a sewer
  4202 | Sewer    | Noticed Purgy
  4210 | Sewer    | Killed Purgy
  4389 | D:5      | Reached skill level 8 in Axes
  4521 | D:5      | Reached skill level 5 in Fighting
  4639 | D:6      | Noticed a two-headed ogre
  4650 | D:6      | Killed a two-headed ogre
  4650 | D:6      | Gained mutation: You passively map the area around you. [Deep Dwarf growth]
  4650 | D:6      | Reached XP level 9. HP: 34/81 MP: 5/5
  4764 | D:6      | Reached skill level 9 in Axes
  5721 | D:7      | Noticed Joseph
  5745 | D:7      | Killed Joseph
  5879 | D:7      | Found a staircase to the Ecumenical Temple.
  5885 | Temple   | Entered the Ecumenical Temple
  5920 | Temple   | Became a worshipper of Makhleb the Destroyer
  6333 | D:7      | Reached skill level 1 in Invocations
  6425 | D:7      | Found a shadowy altar of Dithmenos.
  6621 | D:8      | Reached skill level 10 in Axes
  6851 | D:8      | Reached * piety under Makhleb
  6869 | D:8      | Reached XP level 10. HP: 27/91 MP: 5/5
  7034 | D:8      | Noticed a two-headed ogre
  7047 | D:8      | Killed a two-headed ogre
  7060 | D:8      | Got a polished scale mail
  7071 | D:8      | Identified the +2 scale mail of the Stag {rPois Str-5 SInv} (You found it on level 8 of the Dungeon)
  7204 | D:8      | Found a hide-covered altar of Uskayaw.
  7206 | D:8      | Noticed a hand axe
  7206 | D:8      | Noticed a hand axe
  7253 | D:8      | Found a shimmering altar of Xom.
  7337 | D:9      | Noticed a two-headed ogre
  7353 | D:9      | Killed a two-headed ogre
  7353 | D:9      | Reached skill level 5 in Invocations
  7458 | D:9      | Reached skill level 11 in Axes
  7535 | D:9      | Found Doivigil's Gadget Shoppe.
  7713 | D:9      | Found a staircase to the Lair.
  7756 | D:9      | Reached ** piety under Makhleb
  7961 | D:9      | Reached XP level 11. HP: 60/99 MP: 7/7
  8171 | D:9      | Found an ornate altar of the Wu Jian Council.
  8258 | Lair:1   | Entered Level 1 of the Lair of Beasts
  8273 | Lair:1   | Noticed a six-headed hydra
  8292 | Lair:1   | HP: 2/100 [six-headed hydra (9)]
  8292 | Lair:1   | Mangled by a six-headed hydra

Vault maps used:
D:1:      lemuel_arrival_lava_pool, grunt_decor_one_mirror, serial_bayou_pond_b
D:2:      minmay_door_path, lemuel_zombie_altar_yredelemnul,
          nicolae_overflow_hidden_temple, kennysheep_generic_room_10,
          uniq_natasha
D:3:      grunt_temple_overflow_opulence, cheibrodos_ashenzari_chains,
          elyvilon_altar_4, first_bread, serial_bayou_pond_b, grunt_ministairs_9
D:4:      fedhas_altar_4, kennysheep_slug_shrine, uniq_duvessa
D:5:      okawaru_gym_becter, serial_shops, nicolae_shop_statue_plus,
          portal_sewer_entry_e
D:7:      grunt_dithmenos_smoke, minmay_temple_entry_enclosed_plants,
          uniq_joseph
D:8:      dancing_weapons_uskayaw, kennysheep_mini_moat, minmay_misc_feat_iff
D:9:      marbit_many_paths, due_lair_maze_entry_diamond, serial_shops,
          nicolae_shop_statue_plus
Temple:   cyrus_temple_forest
Lair:1:   grunt_megastairs_5
Sewer:    kennysheep_door_sewer

Skill      XL: |  1  2  3  4  5  6  7  8  9 10 11 |
---------------+----------------------------------+-----
Axes           | 3 4 5 7 8 10 11 | 11.4
Fighting       | 3 4 5 6 7 |  7.0
Shields        | 4 5 6 7 8 |  8.7
Armour         | 4 5 6 7 8 |  8.5
Stealth        | 1 |  1.1
Dodging        | 1 |  1.0
Invocations    | 3 7 |  7.5

Action                   |  1- 3 |  4- 6 |  7- 9 | 10-12 || total
-------------------------+-------+-------+-------+-------++-------
Melee: War axe           |    90 |   250 |   299 |   156 ||   795
       Morningstar       |       |       |       |    10 ||    10
Invok: Minor Destruction |       |       |       |     4 ||     4
 Abil: Heal Wounds       |     1 |     3 |    12 |     8 ||    24
  Use: Potion            |       |     2 |     5 |     6 ||    13
       Scroll            |       |       |     1 |    15 ||    16
 Stab: Sleeping          |       |       |     4 |       ||     4
       Distracted        |       |       |     1 |     1 ||     2
  Eat: Chunk             |       |     7 |     9 |    16 ||    32
       Meat ration       |       |       |     1 |       ||     1
       Fruit             |       |       |     1 |       ||     1
Armor: Scale mail        |    38 |    90 |    56 |       ||   184
       Ring mail         |       |       |    58 |    55 ||   113
       Skin              |       |       |    10 |    69 ||    79
Dodge: Dodged            |    35 |    81 |    94 |    73 ||   283
Block: Shield            |    59 |   139 |   165 |   147 ||   510

Table legend:
 A = Spawn XP
 B = Non-spawn XP
 C = Spawn XP percentage of total XP
 D = Spawn monster count
 E = Non-spawn monster count
 F = Spawn count percentage of total count
 G = Total turns spent on level
                    A         B        C        D         E        F      G
               +---------+---------+-------+---------+---------+-------+---------
         Total |       0 |   12071 |   0.0 |       0 |     220 |   0.0 |  8292
               +---------+---------+-------+---------+---------+-------+---------
           D:1 |       0 |      35 |   0.0 |       0 |      21 |   0.0 |   692
           D:2 |       0 |     374 |   0.0 |       0 |      38 |   0.0 |  1070
           D:3 |       0 |      86 |   0.0 |       0 |      29 |   0.0 |   888
           D:4 |       0 |     503 |   0.0 |       0 |      16 |   0.0 |  1014
           D:5 |       0 |    1278 |   0.0 |       0 |      16 |   0.0 |   762
           D:6 |       0 |    1164 |   0.0 |       0 |      10 |   0.0 |  1022
           D:7 |       0 |    1177 |   0.0 |       0 |      15 |   0.0 |   843
           D:8 |       0 |    1925 |   0.0 |       0 |      24 |   0.0 |   775
           D:9 |       0 |    4951 |   0.0 |       0 |      44 |   0.0 |   939
        Lair:1 |       0 |     418 |   0.0 |       0 |       1 |   0.0 |    34
         Sewer |       0 |     160 |   0.0 |       0 |       6 |   0.0 |   162
               +---------+---------+-------+---------+---------+-------+---------
